 Dungeon Crawl Stone Soup version 0.30.2 (webtiles) character file.

Game seed: 9054244110736189315

76 porpoise the Shooter (level 4, 0/36 HPs)
             Began as a Barachi Hunter on Jan 30, 2024.
             Slain by an orc wizard
             ... wielding a +0 dagger
              (3 damage)
             ... on level 3 of the Dungeon.
             The game lasted 00:05:21 (2248 turns).

porpoise the Shooter (Barachi Hunter)               Turns: 2248, Time: 00:05:22

Health: 0/36       AC:  3    Str: 12    XL:     4   Next: 32%
Magic:  4/4        EV: 12    Int:  9    God:
Gold:   115        SH:  0    Dex: 18    Spells: 3/3 levels left

rFire   . . .        a - +0 shortbow (heavy)
rCold   . . .        (shield currently unavailable)
rNeg    . . .        c - +0 leather armour
rPois   .            (no helmet)
rElec   .            (no cloak)
rCorr   .            (no gloves)
SInv    .            (no boots)
Will    .....        l - amulet of regeneration
Stlth   ++           (no ring)
HPRegen 1.06/turn    (no ring)
MPRegen 0.09/turn

%: no passive effects
@: slow
A: amphibious, slowness 1, strong legs 1, +LOS
a: Hop


You were on level 3 of the Dungeon.
You visited 1 branch of the dungeon, and saw 4 of its levels.

You collected 115 gold pieces.

Inventory:

Hand Weapons
 a - a +0 heavy shortbow (weapon)
 b - a +0 rapier of electrocution
 m - a +2 long sword of flaming
 w - a +0 quarterstaff
Missiles
 h - a throwing net
 x - 5 poisoned darts
Armour
 c - a +0 leather armour (worn)
Jewellery
 j - an amulet of the acrobat
 l - an amulet of regeneration (around neck)
 s - a ring of fire
Scrolls
 d - a scroll of teleportation
 f - a scroll of brand weapon
 g - a scroll of torment
 k - a scroll of immolation
 p - a scroll of poison {unknown}
 q - a scroll of blinking {unknown}
 t - a scroll of noise {unknown}
Potions
 e - 5 potions of curing
 i - 2 potions of degeneration
 n - a potion of heal wounds
 o - a potion of berserk rage {unknown}
 r - a potion of cancellation {unknown}
 u - a potion of flight {unknown}
 v - a potion of magic {unknown}


   Skills:
 + Level 3.6 Fighting
 * Level 5.2 Ranged Weapons
 - Level 2.1 Dodging
 - Level 0.8 Stealth


You had 3 spell levels left.
You didn't know any spells.
Your spell library contained the following spells:

 Spells                   Type           Power      Damage    Failure   Level
 Magic Dart               Conj           0%         1d3       45%         1
 Searing Ray              Conj           0%         2d4       61%         2
 Stone Arrow              Conj/Erth      0%         3d7       83%         3
 Animate Armour           Summ/Erth      0%         N/A       99%         4
 Fulminant Prism          Conj/Hex       0%         3d5       99%         4
 Lehudib's Crystal Spear  Conj/Erth      0%         10d2      100%        8


Dungeon Overview and Level Annotations

Branches:
Dungeon (4/15)
 Temple: D:4-7

Altars:
Qazlal
Xom
Yredelemnul
The Shining One


Innate Abilities, Weirdness & Mutations

You are amphibious.
You cover ground slowly.
You can hop short distances.
You have an extended range of vision and can be seen from far away.


Message History

An orc comes into view. It is wielding a +0 hand axe.
You're too confused to move!
The orc shouts!
An orc comes into view. It is wielding a +0 hand axe.
The orc wizard barely misses you.
The orc wizard hits you with a +0 dagger.
A sleepcap comes into view.
You miss the orc wizard.
The orc wizard is heavily wounded.
The orc hits you with a +0 short sword. The goblin closely misses you.
The orc wizard gestures wildly while chanting.
The orc wizard flickers and vanishes!
Deactivating autopickup; reactivate with Ctrl-A.
You feel less confused. The goblin attacks as you move away!
The goblin hits you with a +0 club. The goblin hits you but does no damage.
The orc barely misses you. The goblin hits you but does no damage.
There is a stone staircase leading up here.
Something hits you.
The orc priest invokes the aid of Beogh against you.
Beogh smites you! The goblin barely misses you.
You climb upwards.
Reactivating autopickup.
There is a stone staircase leading down here.
You shoot an arrow. The arrow hits the goblin!
You kill the goblin!
You hear some strange, mumbled words.
A puff of flame appears from out of thin air!
Deactivating autopickup; reactivate with Ctrl-A.
The puff of flame hits you! Something hits you but does no damage.
You shoot an arrow. Something hits you. x2
* * * LOW HITPOINT WARNING * * *
You shoot an arrow.
You hear some strange, mumbled words.
A puff of flame appears from out of thin air!
The puff of flame hits you!
* * * LOW HITPOINT WARNING * * *
Something hits you but does no damage.
You shoot an arrow. Something hits you but does no damage. Something hits you.
You die...

..# #....#.##.....# ###
#....'.########
#....#.###################
#....#..#.................
####.#..#.################
#.#..#.# #.....#... #.#....#
#(###.#.## ##+#+#..# #.# #.#.#
#.....{@# #.# #.#.# #.....).#
#.# #.#.# #.......# #.# #.#.#
#.......# #.# #.#.##
#.......#######.# #.#...
#.......'.......# #.####
#.......#######.# #.#
###########'############.###)#
##...........................#


There were no monsters in sight!

Vanquished Creatures
  An adder (D:3)
  2 dart slugs
  2 orcs
  4 endoplasms
  3 giant cockroaches
  8 goblins
  7 hobgoblins
  6 jackals
  2 kobolds
  A quokka (D:2)
  6 ball pythons
  4 bats
  3 frilled lizards
  4 rats
53 creatures vanquished.

Notes
Turn   | Place    | Note
-------+----------+-------------------------------------------
     0 | D:1      | porpoise the Barachi Hunter began the quest for the Orb.
     0 | D:1      | Reached XP level 1. HP: 17/17 MP: 1/1
     2 | D:1      | Noticed a minotaur
     4 | D:1      | Noticed a formicid
     6 | D:1      | Noticed a ghoul
     6 | D:1      | Noticed a merfolk
     8 | D:1      | Noticed an ogre
     8 | D:1      | Noticed a spriggan
    12 | D:1      | Noticed a human
    12 | D:1      | Noticed a felid
    14 | D:1      | Noticed a vine stalker
    14 | D:1      | Noticed a demonspawn
    16 | D:1      | Noticed a troll
    16 | D:1      | Noticed a demigod
    18 | D:1      | Noticed an octopode
    18 | D:1      | Noticed a naga
    20 | D:1      | Noticed an armataur
    20 | D:1      | Noticed a draconian
    22 | D:1      | Noticed a gargoyle
    22 | D:1      | Noticed a meteoran
    24 | D:1      | Noticed an elf
    24 | D:1      | Noticed a tengu
    26 | D:1      | Noticed a demonspawn
    28 | D:1      | Noticed a draconian
    28 | D:1      | Noticed a meteoran
   121 | D:1      | Reached XP level 2. HP: 23/23 MP: 2/2
   271 | D:1      | Found a faded altar of an unknown god.
   540 | D:1      | Reached XP level 3. HP: 29/29 MP: 3/3
   913 | D:2      | Found a stormy altar of Qazlal.
  1340 | D:3      | Found a glowing golden altar of the Shining One.
  1516 | D:3      | Found a shimmering altar of Xom.
  1610 | D:3      | Reached skill level 5 in Ranged Weapons
  1610 | D:3      | Reached XP level 4. HP: 33/35 MP: 4/4
  2202 | D:4      | Found a basalt altar of Yredelemnul.
  2247 | D:3      | HP: 1/36 [something/puff of flame (9)]
  2248 | D:3      | Slain by an orc wizard

Illustrated notes

Levels and vault maps discovered:
D:1:      kb_arrival_jail, layout_basic, chequers_ecumenical_altar_grove
D:2:      layout_basic, basic_altar
D:3:      layout_basic, mainiacjoe_overflow_small_starburst, xom_teletrap_fun
D:4:      layout_rooms, mainiacjoe_overflow_tiny_flanked, amcnicky_altar_gilded,
          minmay_temple_entry_poolview, kennysheep_generic_room_15, uniq_grinder

Skill      XL: |  1  2  3 |
---------------+----------+-----
Fighting       | 3 |  3.6
Ranged Weapons | 5 |  5.2
Dodging        | |  2.1
Stealth        | |  0.8

Action                     |  1- 3 |  4- 6 || total
---------------------------+-------+-------++-------
  Melee: Shortbow          |       |     1 ||     1
   Fire: Shortbow          |   112 |    23 ||   135
    Use: Scroll            |     2 |     4 ||     6
 Armour: Leather armour    |    11 |     5 ||    16
  Dodge: Dodged            |    25 |     6 ||    31
